 Dungeon Crawl Stone Soup version 0.24-a0-275-g6f7e2cb (webtiles) character file.

Game seed: 3436838436055364837

2636 Zorb the Reanimator (level 9, -4/62 HPs)
             Began as a Mummy Necromancer on Apr 28, 2019.
             Slain by a wyvern zombie (5 damage)
             ... on level 7 of the Dungeon.
             The game lasted 00:33:16 (9474 turns).

Zorb the Reanimator (Mummy Necromancer)             Turns: 9474, Time: 00:33:16

Health: -4/62      AC:  6    Str: 17    XL:     9   Next: 35%
Magic:  11/17      EV: 11    Int: 14    God:
Gold:   371        SH:  0    Dex: 13    Spells: 10/19 levels left

rFire    . . .     SeeInvis .   w - +1 dagger (elec)
rCold    + . .     Gourm    .   (no shield)
rNeg     + + +     Faith    .   t - +0 ring mail of Circular Logic {rF+}
rPois    ∞         Spirit   .   (no helmet)
rElec    .         Reflect  .   (no cloak)
rCorr    .         Harm     .   (no gloves)
MR       +....                  (no boots)
Stlth    +.........             p - amulet of the acrobat
HPRegen  0.20/turn              k - +3 ring of strength
MPRegen  0.15/turn              (no ring)

@: no status effects
A: no food or potions, fire vulnerability, cold resistance 1, negative energy
resistance 3, torment resistance, unbreathing
a: no special abilities


You were on level 7 of the Dungeon.
You were not hungry.

You visited 1 branch of the dungeon, and saw 7 of its levels.
You also visited: Ossuary.

You collected 371 gold pieces.

Inventory:

Hand Weapons
 f - a +0 dagger
 i - a +0 short sword
 v - a +2 flail of protection
 w - a +1 dagger of electrocution (weapon)
 x - a +3 scimitar
Missiles
 e - 186 stones (quivered)
Armour
 a - a +0 robe
 h - a +0 ring mail
 t - the +0 ring mail of Circular Logic (worn) {rF+}
   (You found it on level 6 of the Dungeon)

   It protects you from fire.
Jewellery
 k - a +3 ring of strength (left hand)
 p - an amulet of the acrobat (around neck)
Wands
 l - a wand of random effects (7)
 o - a wand of flame (22)
 r - a wand of acid (1)
Scrolls
 b - 4 scrolls of amnesia
 c - 2 scrolls of blinking
 d - 3 scrolls of remove curse
 g - a scroll of fog
 j - 2 scrolls of fear
 m - 2 scrolls of magic mapping
 n - 4 scrolls of teleportation
 q - a scroll of immolation {unknown}
 s - 2 scrolls of identify
 u - a scroll of noise {unknown}


   Skills:
 * Level 2.8 Fighting
 * Level 2.8 Short Blades
 * Level 6.4 Armour
 - Level 1.9 Dodging
 - Level 1.6 Stealth
 + Level 5.5 Spellcasting
 + Level 8.8 Necromancy


You had 10 spell levels left.
You knew the following spells:

 Your Spells              Type           Power        Failure   Level  Hunger
a - Pain                  Necr           ####         1%          1    N/A
b - Animate Skeleton      Necr           N/A          1%          1    N/A
c - Vampiric Draining     Necr           ####......   2%          3    N/A
d - Animate Dead          Necr           N/A          8%          4    N/A

Your spell library contained the following spells:

 Spells                   Type           Power        Failure   Level  Hunger
 Regeneration             Chrm/Necr      Unusable     N/A         3    N/A

Dungeon Overview and Level Annotations

Branches:
Dungeon (7/15)             Temple (0/1) D:7

Altars:
Cheibriados
Dithmenos
Elyvilon
Makhleb
Okawaru
Qazlal
Vehumet

Annotations:
D:2 exclusion: downstairs
D:3 3 runed translucent doors, DavidChitty2's ghost, amateur HOFi
D:4 exclusion: downstairs
D:5 Blork the orc


Innate Abilities, Weirdness & Mutations

You do not eat or drink.
Your flesh is vulnerable to fire.
You are immune to poison.
Your flesh is cold resistant. (rC+)
You are immune to negative energy. (rN+++)
You are immune to unholy pain and torment.
You can survive without breathing.


Message History

You hit the wyvern zombie but do no damage.
The wyvern zombie is almost destroyed.
The wyvern zombie misses you.
You can't drink.
Unknown command.
Okay, then.
You hit the wyvern zombie but do no damage.
The wyvern zombie is almost destroyed.
The wyvern zombie bites you.
* * * LOW HITPOINT WARNING * * *
You hit the wyvern zombie but do no damage.
The wyvern zombie is almost destroyed.
The wyvern zombie bites you.
* * * LOW HITPOINT WARNING * * *
The wyvern zombie misses you.
Unknown command.
You barely miss the wyvern zombie.
The wyvern zombie is almost destroyed.
The wyvern zombie bites you.
You die...

,,,,,,,,,,,***#..#.......,,,**,,*
*,>,,,,,,..,* #..#.....#,,,**,,,*
*,,,,,,,,...*##.......#*,,,,,,.**
*,,,,,,,,...##........##***,,.#**
*,,,,,,,,..............#####..#**
,,,,,,,,,........$............#*,
*,,,,,,,,.....................#,,
*,,,,,,,,.......#.............#,*
*,,,,,,,,......Z@.............$,,
*,,,,,,,,.....................#**
,,,,,,,,,.............###....##
,,,,,,,,,............## *###.#*
,,,,,,,,,........>...# *,.#
,,,,.........###[....# **,#
,,,.........#* #.....# **,,**
,...........# #..##.#* **,,,,**
............# ##..##..# **,,,**,*


You could see a wyvern zombie.

Vanquished Creatures
  A troll (D:7)
  5 ice beasts
  A sky beast (D:6)
  2 ogres
  2 centaurs (D:5)
  2 bullfrogs
  2 scorpions
  2 wights (D:6)
  2 howler monkeys
  A vampire bat (D:3)
  A crimson imp (D:6)
  A bullfrog zombie (D:5)
  3 hounds (D:4)
  2 bullfrog skeletons
  2 jellies
  An iron imp (D:6)
  3 iguanas
  7 orc wizards
  2 worker ants (D:4)
  5 big kobold zombies (Ossuary)
  A hound skeleton (D:5)
  2 mummies
  2 worker ant zombies (D:5)
  2 adders
  A shadow imp (D:5)
  2 worms
  A dart slug (D:3)
  3 fire bats (D:3)
  4 orcs
  5 spectral bats
  10 bats
  A bat skeleton (D:3)
  5 giant cockroaches
  7 gnoll zombies (Ossuary)
  4 goblins
  6 hobgoblins
  8 jackals
  9 kobolds
  3 quokkas
  3 bat simulacra (Ossuary)
  5 frilled lizards
  3 goblin simulacra (Ossuary)
  5 goblin zombies (Ossuary)
  2 hobgoblin zombies
  A jackal skeleton (D:5)
  A kobold simulacrum (Ossuary)
  8 kobold zombies (Ossuary)
  4 orc zombies (Ossuary)
  4 rats
  A rat simulacrum (Ossuary)
  A spectral goblin (Ossuary)
  A spectral kobold (Ossuary)
  7 spectral rats (Ossuary)
169 creatures vanquished.

Vanquished Creatures (collateral kills)
  A hippogriff (D:6)
  A wight (D:6)
  A hound (D:4)
  A hound zombie (D:5)
  A bat (D:3)
  An ooze (D:1)
  2 bat skeletons (D:3)
  A bat zombie (D:3)
  A bat simulacrum (D:3)
  An orc zombie (D:4)
11 creatures vanquished.

Grand Total: 180 creatures vanquished

Notes
Turn   | Place    | Note
-------+----------+-------------------------------------------
     0 | D:1      | Zorb the Mummy Necromancer began the quest for the Orb.
     0 | D:1      | Reached XP level 1. HP: 13/13 MP: 4/4
    78 | D:1      | Learned a level 1 spell: Animate Skeleton
   204 | D:1      | Reached XP level 2. HP: 11/19 MP: 0/6
  1316 | D:2      | Reached XP level 3. HP: 24/24 MP: 6/8
  1321 | D:2      | Learned a level 3 spell: Vampiric Draining
  1775 | D:2      | Found a burning altar of Makhleb.
  1971 | D:3      | Found a stormy altar of Qazlal.
  2129 | D:3      | Found a runed translucent gate.
  2129 | D:3      | Found a runed translucent gate.
  2129 | D:3      | Found a runed translucent gate.
  2129 | D:3      | Noticed DavidChitty2's ghost (amateur HOFi)
  2591 | D:3      | Reached XP level 4. HP: 29/30 MP: 1/10
  2610 | D:3      | Reached skill level 1 in Armour
  2912 | D:3      | Reached skill level 5 in Necromancy
  2912 | D:3      | Reached XP level 5. HP: 13/35 MP: 8/11
  3523 | D:4      | Reached skill level 5 in Spellcasting
  3523 | D:4      | Reached XP level 6. HP: 37/41 MP: 2/13
  3616 | D:4      | Found a sand-covered staircase.
  3626 | D:4      | Reached skill level 1 in Short Blades
  3631 | Ossuary  | Entered an ossuary
  3762 | Ossuary  | Learned a level 4 spell: Animate Dead
  4131 | Ossuary  | Reached skill level 1 in Fighting
  5369 | D:4      | Found a radiant altar of Vehumet.
  5543 | D:4      | Reached XP level 7. HP: 45/49 MP: 8/14
  6011 | D:4      | Found a shadowy altar of Dithmenos.
  6074 | D:5      | Entered Level 5 of the Dungeon
  6625 | D:5      | Reached skill level 5 in Armour
  6710 | D:5      | Found a white marble altar of Elyvilon.
  6781 | D:5      | Reached XP level 8. HP: 47/56 MP: 8/15
  7037 | D:5      | Reached skill level 6 in Necromancy
  7072 | D:5      | Found an iron altar of Okawaru.
  7321 | D:5      | Noticed Blork the orc
  7846 | D:6      | Reached skill level 7 in Necromancy
  8027 | D:6      | Found a snail-covered altar of Cheibriados.
  8086 | D:6      | Got a scorched ring mail
  8097 | D:6      | Identified the +0 ring mail of Circular Logic {rF+} (You
                  | found it on level 6 of the Dungeon)
  8561 | D:6      | Reached skill level 8 in Necromancy
  8650 | D:6      | Reached XP level 9. HP: 61/61 MP: 6/16
  9295 | D:7      | Noticed a troll
  9319 | D:7      | Killed a troll
  9473 | D:7      | HP: 1/62 [wyvern zombie (5)]
  9474 | D:7      | Slain by a wyvern zombie

Levels and vault maps discovered:
D:1:      minmay_arrival_split_and_join, layout_basic, hangedman_glass_teeth
D:2:      layout_rooms, lemuel_doored_altar
D:3:      layout_loops_ring, grunt_qazlal_sundering, ebering_ghost_rock_garden,
          first_ration, goddamned_bats
D:4:      layout_cave_pods, grunt_dithmenos_smoke, vehumet_altar_wand_db,
          nicolae_ossuary_entry_giza, minmay_bent
D:5:      layout_rooms, kennysheep_mini, marbit_many_paths,
          chequers_serial_rivers_small_3, uniq_blork_the_orc
D:6:      minmay_flawed_box, layout_loops_corners, minmay_misc_feat_diagonals,
          chei_slow_surprise
D:7:      layout_layer_cave, old_standard_altar, fedhas_altar_4, temple_statues,
          kennysheep_small_circle

Skill      XL: |  1  2  3  4  5  6  7  8 |
---------------+-------------------------+-----
Spellcasting   | 3 4 5 |  5.5
Armour         | 1 2 5 6 |  6.4
Necromancy     | 5 8 |  8.8
Short Blades   | 2 |  2.8
Fighting       | 1 2 |  2.8
Dodging        | |  1.9
Stealth        | |  1.6

Action                   |  1- 3 |  4- 6 |  7- 9 || total
-------------------------+-------+-------+-------++-------
Melee: Unarmed           |    10 |       |       ||    10
       Dagger            |    12 |       |    47 ||    59
       Short sword       |       |   397 |   132 ||   529
Throw: Stone             |       |     2 |       ||     2
 Cast: Pain              |    82 |    64 |   146 ||   292
       Animate Skeleton  |    17 |    11 |     5 ||    33
       Vampiric Draining |       |       |    16 ||    16
       Animate Dead      |       |       |     2 ||     2
Evoke: Wand              |       |       |     6 ||     6
  Use: Scroll            |       |     5 |     2 ||     7
 Stab: Distracted        |       |     2 |       ||     2
       Sleeping          |       |     1 |       ||     1
Armor: Robe              |     4 |       |       ||     4
       Ring mail         |    11 |   169 |    74 ||   254
Dodge: Dodged            |    24 |   219 |   129 ||   372

Table legend:
 A = Non-vault XP
 B = Vault XP
 C = Vault XP percentage of total XP
 D = Non-vault monster count
 E = Vault monster count
 F = Vault count percentage of total count
                 A         B        C        D         E       F
            +---------+---------+-------+---------+---------+-------
      Total |    2748 |    1019 |  27.1 |      92 |      88 |  48.9
            +---------+---------+-------+---------+---------+-------
        D:1 |      38 |       0 |   0.0 |      19 |       0 |   0.0
        D:2 |      37 |       0 |   0.0 |      13 |       0 |   0.0
        D:3 |      58 |     159 |  73.3 |       9 |      20 |  69.0
        D:4 |     416 |     139 |  25.0 |      15 |       8 |  34.8
        D:5 |     847 |     122 |  12.6 |      18 |       1 |   5.3
        D:6 |     884 |     261 |  22.8 |      13 |       7 |  35.0
        D:7 |     468 |     132 |  22.0 |       5 |       1 |  16.7
    Ossuary |       0 |     206 | 100.0 |       0 |      51 | 100.0
            +---------+---------+-------+---------+---------+-------
